3108 views
Uploaded 2021-03-06 08:50:35
Game version 1.32.9
42:18 long 1on1 ladder game on (3)NomadIsles
Saved by xzz
3108 views
Uploaded 2021-03-06 08:50:35
Game version 1.32.9
42:18 long 1on1 ladder game on (3)NomadIsles

43 units @ 5.8k
/ 0.9k
32 buildings @ 5.3k
/ 2.6k



| Scroll of Regeneration | 2 | 200 |
| Lesser Clarity Potion | 2 | 140 |
| Orb of Fire | 1 | 325 |
| Scroll of Town Portal | 2 | 700 |
| Potion of Lesser Invulnerability | 3 | 450 |
| Boots of Speed | 2 | 500 |
| total: | 12 | 2315g |
| Peasant | 20 | 1500 | / | 0 |
| Footman | 4 | 540 | / | 0 |
| Priest | 5 | 675 | / | 50 |
| Knight | 3 | 735 | / | 180 |
| Mortar Team | 4 | 720 | / | 280 |
| Rifleman | 1 | 205 | / | 30 |
| Gryphon Rider | 3 | 840 | / | 210 |
| Flying Machine | 2 | 200 | / | 60 |
| Goblin Shredder | 1 | 375 | / | 100 |
| total: | 43 | 5790g | / | 910w |
| Scout Tower | 2 | 60 | / | 40 |
| Arcane Tower | 2 | 140 | / | 100 |
| Altar of Kings | 1 | 180 | / | 50 |
| Farm | 11 | 880 | / | 220 |
| Barracks | 1 | 160 | / | 60 |
| Lumber Mill | 2 | 240 | / | 0 |
| Arcane Vault | 2 | 260 | / | 60 |
| Blacksmith | 1 | 140 | / | 60 |
| Town Hall | 7 | 2695 | / | 1435 |
| Arcane Sanctum | 2 | 300 | / | 280 |
| Workshop | 1 | 140 | / | 140 |
| Gryphon Aviary | 2 | 280 | / | 300 |
| Keep | 1 | 320 | / | 210 |
| Castle | 1 | 360 | / | 210 |
| total: | 32 | 5335g | / | 2645w |
| 0:02 | Peasant |
| 0:03 | Peasant |
| 0:06 | Altar of Kings |
| 0:19 | Farm |
| 0:21 | Peasant |
| 0:25 | Barracks |
| 0:37 | Peasant |
| 0:51 | Farm |
| 0:56 | Peasant |
| 1:10 | Peasant |
| 1:27 | Footman |
| 1:34 | Footman |
| 1:40 | Scout Tower |
| 1:46 | Farm |
| 1:52 | Footman |
| 1:59 | Peasant |
| 2:12 | Summon Water Elemental |
| 2:27 | Footman |
| 2:29 | Peasant |
| 2:37 | Arcane Tower |
| 3:06 | Keep |
| 3:22 | Brilliance Aura |
| 4:24 | Lumber Mill |
| 4:34 | Arcane Vault |
| 4:40 | Arcane Vault |
| 5:00 | Scout Tower |
| 5:04 | Defend |
| 5:10 | Lumber Mill |
| 5:23 | Farm |
| 5:41 | Farm |
| 5:46 | Arcane Tower |
| 6:43 | Arcane Sanctum |
| 7:04 | Summon Water Elemental |
| 7:08 | Storm Bolt |
| 7:11 | Scroll of Regeneration |
| 7:12 | Lesser Clarity Potion |
| 7:20 | Castle |
| 8:47 | Priest |
| 8:53 | Improved Lumber Harvesting |
| 8:55 | Long Rifles |
| 8:58 | Blacksmith |
| 9:55 | Farm |
| 10:11 | Workshop |
| 10:25 | Knight |
| 10:34 | Bash |
| 10:51 | Priest Adept Training |
| 11:20 | Mortar Team |
| 11:25 | Animal War Training |
| 11:34 | Town Hall |
| 11:47 | Goblin Shredder |
| 11:53 | Holy Light |
| 12:00 | Mortar Team |
| 12:02 | Farm |
| 12:09 | Rifleman |
| 12:12 | Priest Master Training |
| 12:15 | Farm |
| 12:31 | Magic Sentry |
| 13:19 | Sundering Blades |
| 13:23 | Fragmentation Shards |
| 13:24 | Priest |
| 13:38 | Brilliance Aura |
| 14:17 | Town Hall |
| 14:25 | Knight |
| 14:33 | Priest |
| 14:35 | Mortar Team |
| 14:37 | Farm |
| 15:00 | Storm Bolt |
| 15:20 | Knight |
| 15:21 | Mortar Team |
| 15:23 | Priest |
| 15:54 | Gryphon Aviary |
| 16:14 | Potion of Lesser Invulnerability |
| 16:17 | Boots of Speed |
| 16:32 | Boots of Speed |
| 16:39 | Devotion Aura |
| 17:05 | Flak Cannons |
| 19:08 | Gryphon Aviary |
| 19:15 | Farm |
| 19:23 | Holy Light |
| 19:25 | Scroll of Town Portal |
| 19:34 | Potion of Lesser Invulnerability |
| 19:42 | Flare |
| 19:47 | Town Hall |
| 20:36 | Gryphon Rider |
| 20:40 | Farm |
| 21:57 | Storm Hammers |
| 22:07 | Flying Machine |
| 22:50 | Town Hall |
| 24:40 | Peasant |
| 24:40 | Peasant |
| 24:47 | Iron Forged Swords |
| 25:16 | Studded Leather Armor |
| 25:41 | Summon Water Elemental |
| 25:42 | Bash |
| 25:50 | Flying Machine |
| 28:11 | Town Hall |
| 28:25 | Improved Masonry |
| 29:23 | Black Gunpowder |
| 29:55 | Town Hall |
| 29:59 | Devotion Aura |
| 32:23 | Peasant |
| 33:29 | Arcane Sanctum |
| 35:06 | Storm Bolt |
| 35:33 | Priest |
| 35:35 | Gryphon Rider |
| 35:41 | Peasant |
| 35:42 | Peasant |
| 35:42 | Peasant |
| 35:44 | Peasant |
| 35:51 | Scroll of Regeneration |
| 35:51 | Lesser Clarity Potion |
| 35:59 | Orb of Fire |
| 36:24 | Gryphon Rider |
| 36:44 | Potion of Lesser Invulnerability |
| 36:51 | Scroll of Town Portal |
| 37:02 | Peasant |
| 37:02 | Peasant |
| 37:02 | Peasant |
| 37:02 | Peasant |
| 37:03 | Peasant |
| 37:35 | Town Hall |
| Right click | 988 |
| Select group | 763 |
| Select | 509 |
| Build/train/purchase | 139 |
| Use ability | 87 |
| Assign group | 68 |
| Misc. action | 15 |
| Chat | 10 |
| Item give/drop | 7 |
65 units @ 8.8k
/ 1.5k
121 buildings @ 7k
/ 3.9k

| Scroll of Regeneration | 15 | 1500 |
| Lesser Clarity Potion | 7 | 490 |
| Potion of Healing | 8 | 1200 |
| Scroll of Town Portal | 9 | 3150 |
| Staff of Teleportation | 1 | 150 |
| Potion of Lesser Invulnerability | 1 | 150 |
| total: | 41 | 6640g |
| Peasant | 28 | 2100 | / | 0 |
| Footman | 5 | 675 | / | 0 |
| Rifleman | 5 | 1025 | / | 150 |
| Mortar Team | 9 | 1620 | / | 630 |
| Sorceress | 7 | 1085 | / | 140 |
| Flying Machine | 3 | 300 | / | 90 |
| Goblin Shredder | 2 | 750 | / | 200 |
| Goblin Sapper | 3 | 645 | / | 300 |
| Forest Troll Shadow Priest | 1 | 195 | / | 10 |
| Mud Golem | 1 | 145 | / | 10 |
| Ogre Mauler | 1 | 300 | / | 0 |
| total: | 65 | 8840g | / | 1530w |
| Scout Tower | 97 | 2910 | / | 1940 |
| Arcane Tower | 6 | 420 | / | 300 |
| Guard Tower | 10 | 700 | / | 500 |
| Altar of Kings | 1 | 180 | / | 50 |
| Farm | 8 | 640 | / | 160 |
| Lumber Mill | 2 | 240 | / | 0 |
| Barracks | 1 | 160 | / | 60 |
| Arcane Vault | 2 | 260 | / | 60 |
| Blacksmith | 1 | 140 | / | 60 |
| Town Hall | 5 | 1925 | / | 1025 |
| Cannon Tower | 16 | 1920 | / | 1600 |
| Workshop | 3 | 420 | / | 420 |
| Arcane Sanctum | 1 | 150 | / | 140 |
| Keep | 1 | 320 | / | 210 |
| Castle | 1 | 360 | / | 210 |
| total: | 121 | 7025g | / | 3915w |
| 0:05 | Peasant |
| 0:05 | Peasant |
| 0:07 | Altar of Kings |
| 0:09 | Farm |
| 0:37 | Peasant |
| 0:55 | Peasant |
| 0:58 | Lumber Mill |
| 1:04 | Peasant |
| 1:13 | Barracks |
| 1:16 | Peasant |
| 1:21 | Farm |
| 1:26 | Peasant |
| 1:49 | Farm |
| 1:56 | Farm |
| 1:59 | Peasant |
| 2:03 | Lumber Mill |
| 2:09 | Scout Tower |
| 2:15 | Peasant |
| 2:17 | Footman |
| 2:22 | Arcane Vault |
| 2:37 | Flame Strike |
| 2:39 | Footman |
| 2:41 | Arcane Tower |
| 2:44 | Scout Tower |
| 2:47 | Peasant |
| 3:00 | Footman |
| 3:12 | Guard Tower |
| 3:26 | Blacksmith |
| 4:08 | Footman |
| 4:12 | Peasant |
| 4:25 | Keep |
| 4:39 | Scroll of Regeneration |
| 4:40 | Lesser Clarity Potion |
| 5:04 | Farm |
| 5:17 | Goblin Shredder |
| 5:33 | Rifleman |
| 5:37 | Siphon Mana |
| 5:58 | Scroll of Regeneration |
| 6:49 | Scout Tower |
| 6:49 | Scout Tower |
| 6:49 | Scout Tower |
| 6:50 | Scout Tower |
| 6:50 | Scout Tower |
| 6:53 | Town Hall |
| 6:55 | Scout Tower |
| 6:56 | Scout Tower |
| 6:57 | Scout Tower |
| 6:57 | Scout Tower |
| 7:02 | Rifleman |
| 7:06 | Scout Tower |
| 7:10 | Scout Tower |
| 7:14 | Farm |
| 7:16 | Farm |
| 7:16 | Farm |
| 7:18 | Peasant |
| 7:27 | Guard Tower |
| 7:45 | Flame Strike |
| 7:47 | Guard Tower |
| 8:00 | Flame Strike |
| 8:16 | Arcane Tower |
| 8:26 | Scout Tower |
| 8:34 | Guard Tower |
| 8:36 | Arcane Tower |
| 9:05 | Guard Tower |
| 9:18 | Rifleman |
| 9:21 | Workshop |
| 9:25 | Workshop |
| 9:30 | Arcane Sanctum |
| 9:32 | Improved Masonry |
| 9:40 | Scout Tower |
| 9:41 | Scout Tower |
| 9:43 | Scout Tower |
| 9:45 | Scout Tower |
| 9:45 | Scout Tower |
| 9:46 | Scout Tower |
| 9:46 | Scout Tower |
| 9:47 | Scout Tower |
| 9:51 | Scroll of Regeneration |
| 9:57 | Scroll of Regeneration |
| 10:07 | Rifleman |
| 10:26 | Siphon Mana |
| 10:32 | Footman |
| 10:35 | Advanced Masonry |
| 10:38 | Mortar Team |
| 10:42 | Mortar Team |
| 10:46 | Sorceress Adept Training |
| 11:35 | Forest Troll Shadow Priest |
| 11:36 | Mud Golem |
| 11:38 | Ogre Mauler |
| 11:44 | Sorceress |
| 11:47 | Mortar Team |
| 11:50 | Flare |
| 11:54 | Workshop |
| 11:58 | Studded Leather Armor |
| 11:59 | Black Gunpowder |
| 12:02 | Cannon Tower |
| 12:03 | Scroll of Regeneration |
| 12:10 | Lesser Clarity Potion |
| 12:41 | Castle |
| 12:44 | Arcane Tower |
| 12:46 | Cannon Tower |
| 12:54 | Cannon Tower |
| 13:02 | Reinforced Leather Armor |
| 13:08 | Scout Tower |
| 13:18 | Scout Tower |
| 13:19 | Scout Tower |
| 13:19 | Scout Tower |
| 13:20 | Scout Tower |
| 13:20 | Scout Tower |
| 13:21 | Scout Tower |
| 13:21 | Scout Tower |
| 14:11 | Cannon Tower |
| 14:13 | Guard Tower |
| 14:17 | Mortar Team |
| 14:23 | Scroll of Town Portal |
| 14:23 | Scroll of Regeneration |
| 14:33 | Cannon Tower |
| 15:00 | Cannon Tower |
| 15:02 | Cannon Tower |
| 15:04 | Guard Tower |
| 15:47 | Flame Strike |
| 15:50 | Mortar Team |
| 15:52 | Mortar Team |
| 15:53 | Fragmentation Shards |
| 16:04 | Scroll of Regeneration |
| 16:04 | Lesser Clarity Potion |
| 16:06 | Scroll of Town Portal |
| 16:12 | Sorceress |
| 16:12 | Sorceress Master Training |
| 16:29 | Cannon Tower |
| 16:30 | Cannon Tower |
| 17:46 | Goblin Sapper |
| 17:46 | Goblin Sapper |
| 17:46 | Goblin Sapper |
| 18:21 | Rifleman |
| 18:22 | Long Rifles |
| 18:27 | Refined Gunpowder |
| 18:29 | Scroll of Regeneration |
| 18:29 | Lesser Clarity Potion |
| 18:44 | Scout Tower |
| 18:44 | Scout Tower |
| 18:44 | Scout Tower |
| 18:44 | Scout Tower |
| 18:45 | Scout Tower |
| 18:45 | Scout Tower |
| 18:46 | Scout Tower |
| 19:11 | Dragonhide Armor |
| 19:15 | Flak Cannons |
| 19:29 | Cannon Tower |
| 19:30 | Cannon Tower |
| 19:33 | Scout Tower |
| 19:33 | Scout Tower |
| 19:35 | Scout Tower |
| 20:28 | Scroll of Town Portal |
| 20:40 | Cannon Tower |
| 20:42 | Guard Tower |
| 20:47 | Scout Tower |
| 20:47 | Scout Tower |
| 20:48 | Scout Tower |
| 20:49 | Scout Tower |
| 20:49 | Scout Tower |
| 20:51 | Scout Tower |
| 21:22 | Potion of Healing |
| 21:55 | Cannon Tower |
| 21:58 | Guard Tower |
| 22:19 | Flying Machine |
| 22:22 | Imbued Masonry |
| 22:29 | Town Hall |
| 23:05 | Flying Machine |
| 23:16 | Scout Tower |
| 23:51 | Town Hall |
| 24:34 | Arcane Vault |
| 25:59 | Staff of Teleportation |
| 26:02 | Potion of Lesser Invulnerability |
| 26:40 | Imbued Gunpowder |
| 26:53 | Peasant |
| 26:54 | Peasant |
| 26:54 | Peasant |
| 26:54 | Peasant |
| 27:06 | Scout Tower |
| 27:06 | Scout Tower |
| 27:06 | Scout Tower |
| 27:13 | Scout Tower |
| 27:13 | Scout Tower |
| 27:14 | Scout Tower |
| 27:14 | Scout Tower |
| 27:14 | Scout Tower |
| 27:15 | Scout Tower |
| 27:16 | Scout Tower |
| 27:16 | Scout Tower |
| 27:17 | Scout Tower |
| 27:18 | Scout Tower |
| 27:18 | Scout Tower |
| 28:00 | Scout Tower |
| 28:00 | Scout Tower |
| 28:00 | Scout Tower |
| 28:00 | Scout Tower |
| 28:00 | Scout Tower |
| 28:01 | Scout Tower |
| 28:01 | Scout Tower |
| 28:01 | Scout Tower |
| 28:01 | Scout Tower |
| 28:01 | Scout Tower |
| 28:02 | Scout Tower |
| 28:02 | Scout Tower |
| 28:03 | Scout Tower |
| 28:05 | Town Hall |
| 28:37 | Scroll of Town Portal |
| 28:59 | Scroll of Regeneration |
| 29:03 | Scroll of Town Portal |
| 30:02 | Scroll of Regeneration |
| 30:02 | Lesser Clarity Potion |
| 30:04 | Scroll of Town Portal |
| 30:15 | Mortar Team |
| 30:38 | Potion of Healing |
| 30:43 | Potion of Healing |
| 31:03 | Scroll of Regeneration |
| 31:08 | Mortar Team |
| 31:27 | Potion of Healing |
| 31:52 | Summon Phoenix |
| 32:07 | Scroll of Regeneration |
| 32:12 | Mortar Team |
| 32:24 | Scroll of Town Portal |
| 32:35 | Scout Tower |
| 32:35 | Scout Tower |
| 32:36 | Scout Tower |
| 32:36 | Scout Tower |
| 32:37 | Scout Tower |
| 32:37 | Scout Tower |
| 32:38 | Scout Tower |
| 32:38 | Scout Tower |
| 32:38 | Scout Tower |
| 33:16 | Sorceress |
| 33:41 | Cannon Tower |
| 33:46 | Guard Tower |
| 33:47 | Cannon Tower |
| 33:52 | Town Hall |
| 33:57 | Scroll of Regeneration |
| 33:59 | Lesser Clarity Potion |
| 34:04 | Potion of Healing |
| 34:06 | Scroll of Town Portal |
| 34:39 | Potion of Healing |
| 35:27 | Flying Machine |
| 35:36 | Scroll of Regeneration |
| 35:39 | Potion of Healing |
| 35:42 | Cannon Tower |
| 35:44 | Arcane Tower |
| 35:47 | Scout Tower |
| 35:47 | Scout Tower |
| 35:48 | Scout Tower |
| 35:49 | Scout Tower |
| 35:49 | Scout Tower |
| 35:50 | Scout Tower |
| 35:50 | Scout Tower |
| 35:50 | Scout Tower |
| 36:09 | Iron Plating |
| 37:31 | Sorceress |
| 37:42 | Arcane Tower |
| 37:58 | Goblin Shredder |
| 38:06 | Peasant |
| 38:08 | Scroll of Regeneration |
| 38:08 | Lesser Clarity Potion |
| 38:30 | Scroll of Town Portal |
| 38:30 | Potion of Healing |
| 40:05 | Sorceress |
| 40:05 | Sorceress |
| 40:05 | Sorceress |
| 40:10 | Peasant |
| 40:15 | Peasant |
| 40:15 | Peasant |
| 40:15 | Peasant |
| 40:16 | Peasant |
| 40:22 | Scout Tower |
| 40:22 | Scout Tower |
| 40:23 | Scout Tower |
| 40:24 | Scout Tower |
| 40:24 | Scout Tower |
| 40:25 | Scout Tower |
| 40:31 | Peasant |
| 41:13 | Peasant |
| 41:16 | Peasant |
| 41:17 | Peasant |
| 41:17 | Peasant |
| 41:27 | Peasant |
| Right click | 1394 |
| Select | 670 |
| Select group | 382 |
| Build/train/purchase | 225 |
| Use ability | 96 |
| Assign group | 31 |
| Esc | 10 |
| Misc. action | 8 |
| Chat | 8 |
| Item give/drop | 3 |
| Remove unit | 2 |